 Dungeon Crawl Stone Soup version 0.25.1-2-g60ff931df9 (webtiles) character file.

Game seed: 13237958137773014846

35 solopath the Slasher (level 3, -7/29 HPs)
             Began as a Demonspawn Berserker on Oct 28, 2020.
             Was a Follower of Trog.
             Mangled by a gnoll
             ... wielding a +0 spear
              (9 damage)
             ... on level 2 of the Dungeon.
             The game lasted 00:00:46 (917 turns).

solopath the Slasher (Demonspawn Berserker)          Turns: 917, Time: 00:00:46

Health: -7/29      AC:  2    Str: 17    XL:     3   Next: 17%
Magic:  12/12      EV: 12    Int:  9    God:    Trog [*.....]
Gold:   60         SH:  0    Dex: 12    Spells: 2/2 levels left

rFire    . . .     SeeInvis .   a - +0 falchion
rCold    + . .     Gourm    .   (no shield)
rNeg     . . .     Faith    .   b - +0 animal skin
rPois    .         Spirit   .   (no helmet)
rElec    .         Reflect  .   (no cloak)
rCorr    .         Harm     .   (no gloves)
MR       .....                  (no boots)
Stlth    +.........             (no amulet)
HPRegen  0.09/turn              k - ring of magical power
MPRegen  0.13/turn              (no ring)

@: berserk cooldown, slowed, very slow
A: cold resistance 1, powered by pain 1
a: Berserk, Renounce Religion


You were on level 2 of the Dungeon.
You worshipped Trog.
Trog was aware of your devotion.
You were hungry.

You visited 1 branch of the dungeon, and saw 2 of its levels.

You collected 60 gold pieces.

Inventory:

Hand Weapons
 a - a +0 falchion (weapon)
Armour
 b - a +0 animal skin (worn)
Jewellery
 k - a ring of magical power (left hand)
Scrolls
 e - a scroll of remove curse {unknown}
 f - a scroll of teleportation {unknown}
 i - a scroll of fear {unknown}
 l - a scroll of identify {unknown}
Potions
 d - a potion of mutation {unknown}
 g - a potion of brilliance {unknown}
 h - a potion of heal wounds {unknown}
Comestibles
 c - 4 rations
 j - 2 chunks of flesh


   Skills:
 - Level 3.0 Fighting
 + Level 3.9 Long Blades
 - Level 1.7 Armour
 - Level 1.7 Dodging


You had 2 spell levels left.
You didn't know any spells.
Your spell library was empty.

Dungeon Overview and Level Annotations

Branches:
Dungeon (2/15)

Altars:


Innate Abilities, Weirdness & Mutations

Your flesh is cold resistant. (rC+)
You sometimes gain a little power by taking damage.


Message History

Increase (S)trength, (I)ntelligence, or (D)exterity?
You feel clever.
Your demonic ancestry asserts itself...
You feel energised by your suffering.
A gnoll comes into view. It is wielding a +0 spear.
The gnoll shouts!
Items here: ))) †† a +0 club; a +0 dagger; a +0 flail; a gnoll corpse x2
There's nothing to close nearby.
Okay, then.
You feel a strong urge to attack something.
You are no longer berserk.
You are exhausted.
You feel yourself slow down.
A gnoll comes into view. It is wielding a +0 club.
The gnoll shouts!
The gnoll hits you with a +0 spear!
* * * LOW HITPOINT WARNING * * *
The gnoll throws a throwing net.
The throwing net barely misses you. The gnoll hits you with a +0 spear!
You die...

##.# ##.# #..# #.#
.# ..## ##.#####..#
.## #........# ##
#.##..#### ...
##...# #..### ###.#
#.......##)#######.#
## #.(....@.g...#
####..g........
#.............
#.#..........$
#.#.........(. .
...######### .###...
.. #...


You could see 2 gnolls.

Vanquished Creatures
  2 gnolls (D:2)
  A leopard gecko (D:2)
  A giant cockroach (D:2)
  2 bats
  A frilled lizard (D:2)
  2 goblins (D:2)
  4 kobolds
  7 rats (D:1)
20 creatures vanquished.

Notes
Turn   | Place    | Note
-------+----------+-------------------------------------------
     0 | D:1      | solopath the Demonspawn Berserker began the quest for the
                  | Orb.
     0 | D:1      | Reached XP level 1. HP: 18/18 MP: 1/1
   742 | D:2      | Gained mutation: Your flesh is cold resistant. (rC+)
                  | [demonic ancestry]
   742 | D:2      | Reached XP level 2. HP: 24/24 MP: 2/2
   912 | D:2      | Gained mutation: You sometimes gain a little power by
                  | taking damage. [demonic ancestry]
   912 | D:2      | Reached XP level 3. HP: 16/29 MP: 3/3
   917 | D:2      | Mangled by a gnoll

Illustrated notes

Levels and vault maps discovered:
D:1:      dpeg_arrival_ratfight, layout_basic
D:2:      layout_rooms, marbit_many_paths,
          chequers_ecumenical_altar_simple_redux, first_ration, uniq_terence

Skill      XL: |  1 |
---------------+----+-----
Long Blades    | 3 |  3.9
Fighting       | |  3.0
Armour         | |  1.7
Dodging        | |  1.7

Action                   || total
-------------------------++-------
Melee: Falchion          ||    57
Invok: Berserk           ||     1
Armor: Animal skin       ||     8
Dodge: Dodged            ||    45
       Rpst.: Falchion   ||    16
